 Dungeon Crawl Stone Soup version 0.28.0-45-g0d030f2227 (webtiles) character file.

Game seed: 11432095219760787797

309 sking99 the Skirmisher (level 6, 0/72 HPs)
             Began as a Demonspawn Fighter on May 20, 2022.
             Slain by a bullfrog (2 damage)
             ... in a sewer.
             The game lasted 00:04:37 (2926 turns).

sking99 the Skirmisher (Demonspawn Fighter)         Turns: 2926, Time: 00:04:39

Health: 0/72       AC: 23    Str: 17 (18) XL:     6   Next: 17%
Magic:  6/6        EV:  2    Int:  7 (10) God:
Gold:   97         SH:  4    Dex: 10 (12) Spells: 5/5 levels left

rFire   . . .      SeeInvis .   a - +0 war axe
rCold   . . .      Faith    .   c - +0 buckler
rNeg    . . .      Spirit   .   (armour currently unavailable)
rPois   +          Reflect  .   (helmet currently unavailable)
rElec   .          Harm     .   (cloak currently unavailable)
rCorr   .          Rampage  .   (gloves currently unavailable)
Will    +....      NoTele   +   (boots currently unavailable)
Stlth   +.........              (no amulet)
HPRegen 0.22/turn               i - ring of poison resistance
MPRegen 0.10/turn               p - ring of willpower

@: tree-form
A: stationary, stasis, torment immunity, boosted hp, (hooves 1), (molten scales
1), powered by pain 1
a: no special abilities


You were in a sewer.
You were a tree.
You visited 1 branch of the dungeon, and saw 3 of its levels.
You also visited: Sewer.

You collected 97 gold pieces.

Inventory:

Hand Weapons
 a - a +0 war axe (weapon)
Armour
 c - a +0 buckler (worn)
 g - a +0 chain mail (melded)
Jewellery
 f - a ring of magical power
 i - a ring of poison resistance (left branch)
 p - a ring of willpower (right branch)
Scrolls
 b - a scroll of holy word {unknown}
 e - a scroll of fear {unknown}
 k - a scroll of amnesia {unknown}
 l - a scroll of immolation {unknown}
 m - 3 scrolls of identify {unknown}
 n - a scroll of noise {unknown}
 s - a scroll of enchant armour {unknown}
 t - a scroll of enchant weapon {unknown}
Potions
 d - a potion of flight {unknown}
 h - 2 potions of degeneration
 j - a potion of curing {unknown}
 o - a potion of lignification
 q - a potion of ambrosia {unknown}
 r - 2 potions of heal wounds {unknown}
 u - a potion of mutation {unknown}


   Skills:
 + Level 4.1 Fighting
 * Level 4.0 Axes
 + Level 3.6 Armour
 + Level 3.6 Shields


You had 5 spell levels left.
You didn't know any spells.
Your spell library was empty.

Dungeon Overview and Level Annotations

Branches:
Dungeon (3/15)              Sewer (1/1)

Altars:


Innate Abilities, Weirdness & Mutations

You are a tree.
Your roots penetrate the ground, keeping you stationary.
You cannot be teleported.
You are immune to unholy pain and torment.
Your maximum health is greatly increased.
Your equipment is partially melded.
((You have large cloven feet.))
((You are partially covered in molten scales. (AC +2)))
You sometimes gain a little power by taking damage.


Message History

The bullfrog hits you but does no damage.
The ball python bites you but does no damage.
The bullfrog hits you but does no damage.
You hit the ball python but do no damage.
You hit the bullfrog.
You kill the bullfrog!
You slash the ball python!
You kill the ball python!
You completely miss the bullfrog. The bullfrog hits you.
The ball python bites you.
* * * LOW HITPOINT WARNING * * *
You block the ball python's attack. The bullfrog barely misses you.
The frilled lizard bites you but does no damage.
The ball python bites you.
* * * LOW HITPOINT WARNING * * *
The ball python grabs you. The ball python constricts you.
The bullfrog hits you!
* * * LOW HITPOINT WARNING * * *
Your Axes skill increases to level 4!
You have reached level 6!
It was a potion of degeneration.
There was something very wrong with that liquid.
You feel weakened.
You feel dopey.
You feel clumsy.
The bullfrog hits you but does no damage.
The ball python bites you but does no damage.
The ball python constricts you. You block the frilled lizard's attack.
It was a potion of lignification.
You turn into a tree.
Your +0 chain mail melds into your body.
Your roots penetrate the ground.
The bullfrog hits you.
* * * LOW HITPOINT WARNING * * *
The ball python bites you but does no damage.
The ball python constricts you. You block the frilled lizard's attack.
You block the bullfrog's attack.
You hit the ball python.
You kill the ball python!
You miss the frilled lizard. You miss the bullfrog.
The bullfrog hits you but does no damage.
The frilled lizard bites you but does no damage.
The bullfrog hits you.
You die...

#....'..# #....#..#
##...####
#....###################
#......≈≈≈≈≈≈≈≈≈≈≈≈≈≈≈.S
##.....≈≈≈≈≈≈≈≈≈≈≈≈≈≈≈≈.
#..†..≈≈≈≈≈≈≈≈≈≈≈≈≈≈≈..
#....≈≈≈≈≈≈≈≈≈F#≈≈≈≈≈≈.
##....≈≈≈≈≈#≈♣†≈≈≈≈≈≈≈.
###.#≈≈≈≈≈≈≈≈l≈≈≈≈≈≈#.
###################


You could see a bullfrog and a frilled lizard.

Vanquished Creatures
  A bullfrog (Sewer)
  Ijyb (D:3)
  Robin (D:2)
  2 river rats (Sewer)
  9 adders
  A dart slug (D:3)
  An orc (D:3)
  16 ball pythons
  5 bats
  7 endoplasms
  3 giant cockroaches
  11 goblins
  6 hobgoblins
  9 jackals
  6 kobolds
  3 quokkas
  4 frilled lizards
  28 rats
114 creatures vanquished.

Notes
Turn   | Place    | Note
-------+----------+-------------------------------------------
     0 | D:1      | sking99 the Demonspawn Fighter began the quest for the Orb.
     0 | D:1      | Reached XP level 1. HP: 18/18 MP: 1/1
   119 | D:1      | Gained mutation: You have large cloven feet. [demonic
                  | ancestry]
   119 | D:1      | Reached XP level 2. HP: 23/24 MP: 2/2
   161 | D:1      | Found a faded altar of an unknown god.
   902 | D:1      | Gained mutation: You are partially covered in molten
                  | scales. (AC +2) [demonic ancestry]
   902 | D:1      | Reached XP level 3. HP: 29/29 MP: 3/3
  1311 | D:2      | Noticed Robin
  1336 | D:2      | Killed Robin
  1337 | D:2      | Gained mutation: You sometimes gain a little power by
                  | taking damage. [demonic ancestry]
  1337 | D:2      | Reached XP level 4. HP: 34/35 MP: 4/4
  2086 | D:3      | Noticed Ijyb
  2108 | D:3      | Killed Ijyb
  2109 | D:3      | Reached XP level 5. HP: 5/42 MP: 5/5
  2113 | D:3      | Found a glowing drain.
  2404 | Sewer    | Entered a sewer
  2923 | Sewer    | HP: 2/42 [bullfrog (7)]
  2924 | Sewer    | Reached XP level 6. HP: 2/48 MP: 6/6
  2926 | Sewer    | Slain by a bullfrog

Illustrated notes

Levels and vault maps discovered:
D:1:      ncdulo_halloftheorcs, layout_rooms,
          shapermc_ecumenical_altar_mp_vishouse, hangedman_glass_teeth,
          nicolae_figureground_pulse
D:2:      layout_basic, uniq_robin
D:3:      cheibrodos_pilgrimage, layout_rooms, biasface_ghost_orc_armoury,
          cheibrodos_sewer_entry_drain, st_stairs_9,
          chequers_serial_rivers_room_a, uniq_ijyb
Sewer:    sewer_minmay_w

Skill      XL: |  1  2  3  4  5 |
---------------+----------------+-----
Axes           | 2 3 4 |  4.0
Armour         | 3 |  3.6
Shields        | 3 |  3.6
Fighting       | 4 |  4.1

Action                   |  1- 3 |  4- 6 || total
-------------------------+-------+-------++-------
Melee: War axe           |   100 |   161 ||   261
       Kick              |    21 |    31 ||    52
  Use: Potion            |       |     3 ||     3
Armor: Scale mail        |    23 |       ||    23
       Chain mail        |    58 |   164 ||   222
       Skin              |       |     3 ||     3
Dodge: Dodged            |    52 |    72 ||   124
Block: Buckler           |    19 |    63 ||    82
